 Dungeon Crawl Stone Soup version 0.31-a0-175-g9f7f995f2b (webtiles) character file.

Game seed: 1594580126865552020

700 qw the Skirmisher (level 7, -7/69 HPs)
             Began as a Naga Hunter on June 17, 2023.
             Mangled by Pikel
             ... wielding a +2 whip of freezing
              (13 damage)
             ... on level 4 of the Dungeon.
             The game lasted 00:01:02 (2890 turns).

qw the Skirmisher (Naga Hunter)                     Turns: 2890, Time: 00:01:03

Health: -7/69      AC:  3    Str: 13    XL:     7   Next: 65%
Magic:  7/7        EV: 10    Int:  9    God:
Gold:   152        SH:  0    Dex: 17    Spells: 6/6 levels left

rFire   . . .        Y - +1 shortbow (drain)
rCold   + . .        (shield currently unavailable)
rNeg    . . .        c - +0 leather armour
rPois   +            a - +0 hat of Sachameti {rElec rPois rC+ Slay+3}
rElec   +            (no cloak)
rCorr   .            (no gloves)
SInv    +            (no barding)
Will    .....        (no amulet)
Stlth   ++           (no ring)
HPRegen 0.31/turn    (no ring)
MPRegen 0.10/turn

%: no passive effects
@: about to teleport, short of breath, very slow
A: AC +2, large, see invisible, deformed body, poison resistance, slowness 2,
spit poison 1, naga tail 1
a: Spit Poison


You were on level 4 of the Dungeon.
You visited 1 branch of the dungeon, and saw 4 of its levels.

You collected 152 gold pieces.


Innate Abilities, Weirdness & Mutations

Your serpentine skin is tough. (AC +2)
You have supernaturally acute eyesight. (SInv)
Armour fits poorly on your strangely shaped body.
Your system is resistant to poisons. (rPois)
You cover ground very slowly.
You can spit poison.
You have a snake-like lower body.


   Skills:
 - Level 6.0 Fighting
 - Level 9.4 Ranged Weapons
 + Level 2.4 Dodging
 - Level 1.5 Stealth


You had 6 spell levels left.
You didn't know any spells.
Your spell library was empty.

Inventory:

Hand Weapons
 Y - a +1 shortbow of draining (weapon)
Armour
 a - the +0 hat of Sachameti (worn) {rElec rPois rC+ Slay+3}
   (You acquired it on level 1 of the Dungeon)

   Slay:      It affects your accuracy & damage with ranged weapons and melee
   (+3).
   rC:        It protects you from cold.
   rElec:     It insulates you from electricity.
   rPois:     It protects you from poison.
 c - a +0 leather armour (worn)
Scrolls
 d - 2 scrolls of teleportation
 h - 2 scrolls of identify
Potions
 b - a potion of enlightenment
 e - a potion of might
 i - a potion of curing

Dungeon Overview and Level Annotations

Branches:
Dungeon (4/15)             Temple (0/1) D:4

Altars:
Xom
The Shining One

Shops:
D:2 :

Annotations:
D:4 Pikel


Message History

You shoot an arrow. The arrow hits Pikel.
Pikel is lightly wounded.
You have got your breath back.
Pikel hits you with a +2 whip of freezing.
Pikel freezes you.
2882 ||| INVOKING Spit Poison.
Aiming: Spit Poison (1% risk of failure)
Press: ? - help, Shift-Dir - straight line, f/p - Pikel The splash of poison misses Pikel.
Pikel hits you with a +2 whip of freezing.
You shoot an arrow. The arrow barely misses Pikel.
Pikel hits you with a +2 whip of freezing.
You shoot an arrow. The arrow barely misses Pikel.
Pikel hits you with a +2 whip of freezing.
You shoot an arrow. The arrow closely misses Pikel.
Pikel hits you with a +2 whip of freezing!
Pikel freezes you.
You shoot an arrow. The arrow hits Pikel.
Pikel is moderately wounded.
You have got your breath back.
Pikel hits you with a +2 whip of freezing!
Pikel freezes you.
2887 ||| INVOKING Spit Poison.
Aiming: Spit Poison (1% risk of failure)
Press: ? - help, Shift-Dir - straight line, f/p - Pikel The splash of poison hits Pikel!
Pikel is poisoned.
Pikel is severely wounded.
Pikel cracks his whip.
Pikel hits you with a +2 whip of freezing!
Pikel freezes you.
2888 ||| READING 3 scrolls of teleportation.
As you read the scroll of teleportation, it crumbles to dust.
You feel strangely unstable.
Pikel hits you with a +2 whip of freezing!
Pikel freezes you.
You shoot an arrow. The arrow closely misses Pikel.
Pikel hits you but does no damage.
You shoot an arrow. The arrow closely misses Pikel.
Pikel hits you with a +2 whip of freezing!
You die...

.. ##.# ....# ##.}8..
....... 5>.}8..
#######K5..... #
#.....@# # #......# #
#......# # #......#...
### ##..)....... ###..
#.!#..#.<.. #####...#
#..##.#....###..[..###
#..##....###...##.##..
#..###.###...#..#..#..


You could see Pikel (poisoned) and 2 lemures.

Vanquished Creatures
  Grinder (D:4)
  A centaur (D:4)
  A lemure (D:4)
  A scorpion (D:4)
  A howler monkey (D:4)
  An orc priest (D:4)
  Natasha (thrice) (D:4)
  4 orc wizards
  3 gnolls (D:3)
  An adder (D:4)
  2 worms (D:2)
  A dart slug (D:3)
  12 orcs
  A bat (D:2)
  8 endoplasms
  3 goblins
  8 hobgoblins
  4 jackals (D:4)
  2 kobolds
  3 quokkas
  8 ball pythons
  6 frilled lizards
  2 rats
77 creatures vanquished.

Notes
Turn   | Place    | Note
-------+----------+-------------------------------------------
     0 | D:1      | qw the Naga Hunter began the quest for the Orb.
     0 | D:1      | Reached XP level 1. HP: 19/19 MP: 1/1
     0 | D:1      | 0 ||| qw: Version: 0.3-a-2-g5ab2908
     0 | D:1      | 0 ||| qw: Game counter: 326
     0 | D:1      | 0 ||| qw: Always use a shield: true
     0 | D:1      | 0 ||| qw: God list: Okawaru
     0 | D:1      | 0 ||| qw: Allow faded altars: false
     0 | D:1      | 0 ||| qw: Do Orc after D:15 true
     0 | D:1      | 0 ||| qw: Do second Lair branch before Depths: true
     0 | D:1      | 0 ||| qw: Lair rune preference: random
     0 | D:1      | 0 ||| qw: Plans: Normal
     0 | D:1      | 0 ||| PLANNING D:1-11
     6 | D:1      | Noticed a snapping turtle
     6 | D:1      | Noticed a lindwurm
     6 | D:1      | Noticed a hog
     7 | D:1      | Noticed a salamander
    42 | D:1      | 42 ||| INVOKING Spit Poison.
    49 | D:1      | 49 ||| INVOKING Spit Poison.
    54 | D:1      | 54 ||| INVOKING Spit Poison.
    74 | D:1      | 74 ||| INVOKING Spit Poison.
    79 | D:1      | Reached skill level 4 in Ranged Weapons
    79 | D:1      | Reached XP level 2. HP: 26/26 MP: 2/2
   133 | D:1      | 133 ||| INVOKING Spit Poison.
   136 | D:1      | 136 ||| INVOKING Spit Poison.
   524 | D:1      | 524 ||| READING scroll labelled TOACVE QENOYWO.
   573 | D:1      | 573 ||| READING scroll labelled DOW GOUD XIGHA.
   573 | D:1      | Identified a scroll of acquirement
   573 | D:1      | 573 ||| ACQUIRING +0 hat of Sachameti {rElec rPois rC+
                  | Slay+3}
   573 | D:1      | Acquired the +0 hat of Sachameti {rElec rPois rC+ Slay+3}
   575 | D:1      | 575 ||| UPGRADING to +0 hat of Sachameti {rElec rPois rC+
                  | Slay+3}.
   580 | D:1      | 580 ||| READING scroll labelled OQESSUDGH KINT.
   583 | D:1      | 583 ||| READING 3 scrolls labelled OLUNO NERA.
   584 | D:1      | 584 ||| DRINKING 2 dark potions.
   585 | D:1      | 585 ||| READING 2 scrolls of identify.
   585 | D:1      | 585 ||| IDENTIFYING emerald potion
   586 | D:1      | 586 ||| DRINKING potion of experience.
   586 | D:1      | Reached skill level 9 in Ranged Weapons
   586 | D:1      | Reached XP level 3. HP: 32/32 MP: 3/3
   587 | D:1      | 587 ||| DROPPING scroll of butterflies.
   608 | D:2      | 608 ||| INVOKING Spit Poison.
   665 | D:2      | 665 ||| INVOKING Spit Poison.
   789 | D:2      | 789 ||| Stepping ~*~*~tactically~*~*~ (outnumbered).
   790 | D:2      | 790 ||| INVOKING Spit Poison.
   797 | D:2      | Reached XP level 4. HP: 39/40 MP: 4/4
   844 | D:2      | 844 ||| INVOKING Spit Poison.
   867 | D:2      | 867 ||| INVOKING Spit Poison.
   900 | D:2      | 900 ||| INVOKING Spit Poison.
   983 | D:2      | 983 ||| INVOKING Spit Poison.
   998 | D:2      | 998 ||| INVOKING Spit Poison.
  1006 | D:2      | Found a faded altar of an unknown god.
  1021 | D:2      | Found Aggikhic's Book Emporium.
  1076 | D:2      | 1076 ||| INVOKING Spit Poison.
  1079 | D:2      | 1079 ||| INVOKING Spit Poison.
  1264 | D:2      | 1264 ||| DROPPING ring of wizardry.
  1265 | D:2      | 1265 ||| READING scroll labelled RIPTED VUSH.
  1266 | D:2      | 1266 ||| READING scroll labelled DYMNEN ONLEAFE.
  1267 | D:2      | 1267 ||| READING 2 scrolls of identify.
  1267 | D:2      | 1267 ||| IDENTIFYING fizzy orange potion
  1268 | D:2      | 1268 ||| DROPPING potion of degeneration.
  1288 | D:3      | 1288 ||| INVOKING Spit Poison.
  1305 | D:3      | 1305 ||| INVOKING Spit Poison.
  1361 | D:3      | 1361 ||| INVOKING Spit Poison.
  1362 | D:3      | 1362 ||| INVOKING Spit Poison.
  1451 | D:3      | 1451 ||| INVOKING Spit Poison.
  1483 | D:3      | 1483 ||| INVOKING Spit Poison.
  1488 | D:3      | 1488 ||| INVOKING Spit Poison.
  1495 | D:3      | Reached XP level 5. HP: 34/48 MP: 5/5
  1552 | D:3      | Reached skill level 3 in Fighting
  1649 | D:3      | 1649 ||| INVOKING Spit Poison.
  1751 | D:3      | 1751 ||| INVOKING Spit Poison.
  1845 | D:3      | Found a glowing golden altar of the Shining One.
  2101 | D:3      | 2101 ||| READING scroll labelled WAUTZOUPIQ.
  2102 | D:3      | 2102 ||| READING scroll labelled NEARAN EMOSS.
  2103 | D:3      | 2103 ||| READING 2 scrolls of identify.
  2103 | D:3      | 2103 ||| IDENTIFYING sapphire potion
  2121 | D:4      | 2121 ||| INVOKING Spit Poison.
  2148 | D:4      | 2148 ||| INVOKING Spit Poison.
  2151 | D:4      | 2151 ||| INVOKING Spit Poison.
  2154 | D:4      | 2154 ||| INVOKING Spit Poison.
  2155 | D:4      | 2155 ||| Stepping ~*~*~tactically~*~*~ (outnumbered).
  2158 | D:4      | 2158 ||| Stepping ~*~*~tactically~*~*~ (outnumbered).
  2159 | D:4      | 2159 ||| INVOKING Spit Poison.
  2163 | D:4      | 2163 ||| INVOKING Spit Poison.
  2168 | D:4      | Reached XP level 6. HP: 36/57 MP: 6/6
  2316 | D:4      | Noticed Natasha
  2319 | D:4      | 2319 ||| INVOKING Spit Poison.
  2322 | D:4      | Killed Natasha
  2357 | D:4      | Noticed Grinder
  2371 | D:4      | Killed Grinder
  2372 | D:4      | Reached XP level 7. HP: 21/67 MP: 7/7
  2518 | D:4      | Noticed Natasha
  2521 | D:4      | 2521 ||| Stepping ~*~*~tactically~*~*~ (outnumbered).
  2523 | D:4      | 2523 ||| Stepping ~*~*~tactically~*~*~ (outnumbered).
  2524 | D:4      | 2524 ||| INVOKING Spit Poison.
  2525 | D:4      | 2525 ||| Stepping ~*~*~tactically~*~*~ (outnumbered).
  2527 | D:4      | Killed Natasha
  2603 | D:4      | 2603 ||| INVOKING Spit Poison.
  2609 | D:4      | 2609 ||| INVOKING Spit Poison.
  2617 | D:4      | 2617 ||| INVOKING Spit Poison.
  2622 | D:4      | 2622 ||| INVOKING Spit Poison.
  2624 | D:4      | Found a shimmering altar of Xom.
  2633 | D:4      | 2633 ||| INVOKING Spit Poison.
  2707 | D:4      | 2707 ||| INVOKING Spit Poison.
  2819 | D:4      | Noticed Natasha
  2823 | D:4      | 2823 ||| INVOKING Spit Poison.
  2824 | D:4      | 2824 ||| Stepping ~*~*~tactically~*~*~ (outnumbered).
  2829 | D:4      | 2829 ||| INVOKING Spit Poison.
  2830 | D:4      | Killed Natasha
  2831 | D:4      | Reached skill level 6 in Fighting
  2863 | D:4      | Found a staircase to the Ecumenical Temple.
  2864 | D:4      | 2864 ||| PLANNING TEMPLE
  2864 | D:4      | 2864 ||| READING scroll labelled UWUBUVV CEISS.
  2865 | D:4      | 2865 ||| READING 3 scrolls of identify.
  2865 | D:4      | 2865 ||| IDENTIFYING glowing white potion
  2866 | D:4      | 2866 ||| DROPPING potion of ambrosia.
  2871 | D:4      | Noticed Pikel
  2873 | D:4      | 2873 ||| INVOKING Spit Poison.
  2877 | D:4      | 2877 ||| INVOKING Spit Poison.
  2882 | D:4      | 2882 ||| INVOKING Spit Poison.
  2887 | D:4      | 2887 ||| INVOKING Spit Poison.
  2887 | D:4      | HP: 16/69 [Pikel/+2 whip of freezing (2)]
  2888 | D:4      | 2888 ||| READING 3 scrolls of teleportation.
  2888 | D:4      | HP: 6/69 [Pikel/+2 whip of freezing (10)]
  2890 | D:4      | Mangled by Pikel

Levels and vault maps discovered:
D:1:      onia_arrival_zoo_common, layout_rooms, dreamdust_princess_corridor,
          minmay_domino_4
D:2:      layout_basic, hellmonk_ecumenical_altar_slurped_away, serial_shops,
          shop
D:3:      layout_basic, tso_oasis_becter
D:4:      minmay_skewed_foursquare, layout_rooms, xom_teletrap_fun,
          minmay_temple_entry_drinking_statues, uniq_grinder, uniq_natasha,
          uniq_pikel

Skill      XL: |  1  2  3  4  5  6  7 |
---------------+----------------------+-----
Ranged Weapons | 4 9 |  9.4
Fighting       | 3 5 6 |  6.0
Dodging        | 2 |  2.4
Stealth        | |  1.5

Action                     |  1- 3 |  4- 6 |  7- 9 || total
---------------------------+-------+-------+-------++-------
   Fire: Shortbow          |    27 |    72 |    50 ||   149
Ability: Spit Poison       |     9 |    22 |    13 ||    44
    Use: Scroll            |     5 |     6 |     3 ||    14
         Potion            |     2 |       |       ||     2
 Armour: Leather armour    |       |       |     2 ||     2
  Dodge: Dodged            |     4 |     5 |     5 ||    14

Table legend:
 A = Non-vault XP
 B = Vault XP
 C = Vault XP percentage of total XP
 D = Non-vault monster count
 E = Vault monster count
 F = Vault count percentage of total count
                 A         B        C        D         E       F
            +---------+---------+-------+---------+---------+-------
      Total |     549 |     422 |  43.5 |      64 |      12 |  15.8
            +---------+---------+-------+---------+---------+-------
        D:1 |      11 |       5 |  31.2 |       7 |       4 |  36.4
        D:2 |      66 |       2 |   2.9 |      15 |       1 |   6.2
        D:3 |      69 |       0 |   0.0 |      14 |       0 |   0.0
        D:4 |     403 |     415 |  50.7 |      28 |       7 |  20.0
            +---------+---------+-------+---------+---------+-------
